 Dungeon Crawl Stone Soup version 0.28-a0-1395-g4f6bc678fa (webtiles) character file.

Game seed: 2038803114670595412

222 gimp the Grave Robber (level 5, 0/41 HPs)
             Began as a Mummy Wanderer on Jan 4, 2022.
             Slain by a water moccasin zombie (4 damage)
             ... in an ossuary.
             The game lasted 00:06:21 (3857 turns).

gimp the Grave Robber (Mummy Wanderer)              Turns: 3857, Time: 00:06:21

Health: 0/41       AC:  4    Str: 14    XL:     5   Next: 66%
Magic:  9/9        EV: 11    Int: 16    God:
Gold:   135        SH:  4    Dex: 10    Spells: 9/10 levels left

rFire   x . .      SeeInvis .   a - +3 whip (pain)
rCold   + . .      Faith    .   k - +0 buckler
rNeg    + + +      Spirit   .   c - +0 leather armour
rPois   ∞          Reflect  .   m - +0 helmet
rElec   .          Harm     .   (no cloak)
rCorr   .          Rampage  .   (no gloves)
Will    .....                   (no boots)
Stlth   +.........              (no amulet)
HPRegen 0.13/turn               (no ring)
MPRegen 0.11/turn               (no ring)

@: no status effects
A: cold resistance 1, negative energy resistance 3, torment resistance 2, heat
vulnerability 1, no potions
a: no special abilities


You were in an ossuary.
You visited 1 branch of the dungeon, and saw 4 of its levels.
You also visited: Ossuary.

You collected 135 gold pieces.

Inventory:

Hand Weapons
 a - a +3 whip of pain (weapon)
 b - a +3 shortbow
Missiles
 d - 76 arrows
 n - 7 poisoned darts (quivered)
Armour
 c - a +0 leather armour (worn)
 j - +0 storm dragon scales
 k - a +0 buckler (worn)
 m - a +0 helmet (worn)
Scrolls
 e - a scroll of vulnerability {unknown}
 f - a scroll of amnesia {unknown}
 g - a scroll of teleportation {unknown}
 h - 2 scrolls of identify {unknown}
 i - a scroll of fog {unknown}


   Skills:
 - Level 3.0 Fighting
 * Level 1.8 Maces & Flails
 - Level 2.4 Bows
 - Level 1.0 Dodging
 + Level 2.5 Shields
 - Level 3.0 Spellcasting
 - Level 4.0 Necromancy


You had 9 spell levels left.
You knew the following spells:

 Your Spells              Type           Power      Damage    Failure   Level
a - Pain                  Necr           60%        1d7       5%          1

Your spell library contained the following spells:

 Spells                   Type           Power      Damage    Failure   Level
 Vampiric Draining        Necr           15%        2d7       16%         3
 Scorch                   Fire           4%         2d5       38%         2
 Flame Wave               Conj/Fire      2%         2d4       95%         4
 Summon Cactus Giant      Summ           1%         N/A       100%        6


Dungeon Overview and Level Annotations

Branches:
Dungeon (4/15)            Ossuary (1/1)
 Temple: D:4-7

Altars:

Shops:
D:2 (


Innate Abilities, Weirdness & Mutations

You are immune to poison.
Your flesh is cold resistant. (rC+)
You are immune to negative energy. (rN+++)
You are immune to unholy pain and torment.
You are vulnerable to heat. (rF-)
You do not drink.


Message History

You hit the water moccasin zombie.
The water moccasin zombie is moderately damaged.
The water moccasin zombie struggles against the net.
You block the orc zombie's attack.
The water moccasin zombie struggles against the net.
The net rips apart, and the water moccasin zombie comes free!
The water moccasin zombie misses you.
The orc zombie hits you but does no damage.
There is an open door here.
You closely miss the water moccasin zombie.
The water moccasin zombie is moderately damaged.
The water moccasin zombie barely misses you.
The water moccasin zombie closely misses you.
You can't drink.
Unknown command.
You aren't carrying any items that you can evoke.
Unknown command.
Sorry, you're not good enough to have a special ability.
Unknown command.
You barely miss the water moccasin zombie.
The water moccasin zombie is moderately damaged.
The water moccasin zombie bites you but does no damage.
You barely miss the water moccasin zombie.
The water moccasin zombie is moderately damaged.
The water moccasin zombie bites you.
* * * LOW HITPOINT WARNING * * *
You take 1 damage, and have 8/41 hp.
You barely miss the water moccasin zombie.
The water moccasin zombie is moderately damaged.
The water moccasin zombie barely misses you.
The water moccasin zombie bites you.
* * * LOW HITPOINT WARNING * * *
You take 5 damage, and have 3/41 hp.
You barely miss the water moccasin zombie.
The water moccasin zombie is moderately damaged.
The water moccasin zombie closely misses you.
You closely miss the water moccasin zombie.
The water moccasin zombie is moderately damaged.
The water moccasin zombie bites you.
You die...

#...# #...#
...# ..# ###'#
#...# ###
#####...#
#?!?!#...#Z..#
+?$(!#.∩@ZZZ.#
#!!!!#...#..∩#
### #########


You could see an adder zombie, a water moccasin zombie and 2 orc zombies.

Vanquished Creatures
  A water moccasin zombie (Ossuary)
  Robin (D:3)
  6 gnolls (D:3)
  3 adders (D:3)
  2 worms (D:2)
  An orc (D:4)
  6 endoplasms
  3 giant cockroaches
  7 goblins
  3 hobgoblins
  4 quokkas
  2 ball pythons
  5 bats
  2 frilled lizards
  5 kobolds
  A kobold zombie (Ossuary)
  An orc zombie (Ossuary)
  9 rats
62 creatures vanquished.

Notes
Turn   | Place    | Note
-------+----------+-------------------------------------------
     0 | D:1      | gimp the Mummy Wanderer began the quest for the Orb.
     0 | D:1      | gimp set off with the following items: a +3 shortbow, 21
                  | arrows, a +0 leather armour; and the following spell
                  | memorised: Pain; and the following spells available to
                  | memorise: Vampiric Draining
     0 | D:1      | Reached XP level 1. HP: 15/15 MP: 2/2
   281 | D:1      | Reached XP level 2. HP: 21/21 MP: 1/5
   516 | D:1      | Found a faded altar of an unknown god.
  1503 | D:2      | Reached XP level 3. HP: 27/27 MP: 2/7
  1575 | D:2      | Found Darch's Weapon Shoppe.
  2592 | D:3      | Reached XP level 4. HP: 28/34 MP: 8/8
  2742 | D:3      | Reached skill level 1 in Shields
  3384 | D:3      | Reached XP level 5. HP: 37/41 MP: 4/9
  3508 | D:4      | Noticed Robin
  3530 | D:3      | Killed Robin
  3531 | D:3      | Reached skill level 1 in Maces & Flails
  3587 | D:4      | Found a sand-covered staircase.
  3792 | Ossuary  | Entered an ossuary
  3857 | Ossuary  | Slain by a water moccasin zombie

Illustrated notes

Levels and vault maps discovered:
D:1:      giann_forest_graveyard, layout_loops_ring, basic_ecumenical_altar
D:2:      layout_rooms, serial_shops, shop
D:3:      layout_basic
D:4:      layout_basic, jmf_multi_god_temple,
          lightli_ossuary_entry_decrepit_ruins, uniq_robin, uniq_eustachio
Ossuary:  ossuary_tomb_2

Skill      XL: |  1  2  3  4  5 |
---------------+----------------+-----
Spellcasting   | 2 3 |  3.0
Fighting       | 2 3 |  3.0
Shields        | 2 |  2.5
Maces & Flails | 1 |  1.8
Bows           | |  2.4
Dodging        | |  1.0
Necromancy     | |  4.0

Action                   |  1- 3 |  4- 6 || total
-------------------------+-------+-------++-------
Melee: Spear             |    10 |       ||    10
       Whip              |    34 |    55 ||    89
Throw: Throwing net      |       |     1 ||     1
 Cast: Pain              |    83 |    43 ||   126
 Stab: Sleeping          |     1 |       ||     1
       Held in net/web   |       |     1 ||     1
Armor: Leather armour    |    11 |    20 ||    31
Dodge: Dodged            |    29 |    26 ||    55
Block: Buckler           |     3 |    10 ||    13

Table legend: (Time is in decaauts)
 A = Elapsed time spent in this place.
 B = Non-inter-level travel time spent in this place.
 C = Inter-level travel time spent in this place.
 D = Time resting spent in this place.
 E = Time spent auto-exploring this place.
 F = Levels seen in this place.
 G = Mean time per level.
                   A        B        C        D        E       F      G
               +--------+--------+--------+--------+--------+-----+--------+
         Total |   3868 |   3776 |     92 |    610 |   2581 |   5 |  773.6 |
       Dungeon |   3800 |   3708 |     92 |    610 |   2562 |   4 |  950.0 |
       Ossuary |     67 |     67 |      0 |      0 |     19 |   1 |   67.0 |
               +--------+--------+--------+--------+--------+-----+--------+

Top non-repeatable levels by time:
     D:1: 1351 daAuts
     D:3: 1202 daAuts
     D:2: 1030 daAuts
     D:4: 216 daAuts
 Ossuary: 67 daAuts
